General information
- name: BNet
- type: Ladder team game (AT/RT)
- host: Battle.net
- saver: Shadow303
map: Deadlands
- players: 8
- length: 17:47
- speed: Fast
- version: 1.26 W3XP
- replay type: Public
» download(107 KB)
Players
team 1 (loser)

»
ANAL_LEAKAGE (
pink | 44 APM | 779 actions | 17:45)
4 Archmage
1 Blizzard
2 Brilliance Aura
1 Summon Water Elemental
5 Paladin
2 Holy Light
1 Devotion Aura
2 Divine Shield
» actions
| Build / train | 162 | |
| Enter build submenu | 30 | |
| Enter hero's abilities submenu | 10 | |
| Give item / drop item | 8 | |
| Right click | 157 | |
| Select / deselect | 303 | |
| Use ability | 109 | |
779 total
» units
| Peasant | 46 | |
| Footman | 18 | |
| Rifleman | 3 | |
| Fel Beast | 1 | |
| Draenei Disciple | 3 | |
| Draenei Darkslayer | 6 | |
| Mortar Team | 15 | |
| Gryphon Rider | 6 | |
| Siege Engine | 14 | |
112 total
» upgrades
| Long Rifles | 1 | |
| Gunpowder | 1 | |
| Armor | 1 | |
| Flare | 1 | |
| Fragmentation Shards | 1 | |
| Lumber Harvesting | 1 | |
| Storm Hammers | 1 | |
| Barrage | 1 | |
8 total
» buildings
| Farm | 32 | |
| Altar of Kings | 2 | |
| Barracks | 3 | |
| Arcane Vault | 1 | |
| Keep | 4 | |
| Scout Tower | 6 | |
| Blacksmith | 1 | |
| Lumber Mill | 1 | |
| Town Hall | 2 | |
| Castle | 15 | |
| Workshop | 4 | |
| Guard Tower | 1 | |
| Gryphon Aviary | 6 | |
78 total
» build order
00:27 Farm
00:32 Altar of Kings
00:41 Farm
00:42 Farm
00:46 Altar of Kings
00:55 Barracks
01:24 Barracks
01:35 Farm
01:43 Barracks
01:54 Farm
01:56 Farm
02:09 Farm
02:09 Farm
02:10 Farm
02:48 Arcane Vault
02:58 Farm
03:04 Keep
03:04 Keep
03:16 Scout Tower
03:17 Scout Tower
03:17 Scout Tower
03:18 Scout Tower
03:39 Blacksmith
03:48 Farm
03:48 Farm
03:49 Farm
03:49 Farm
03:49 Farm
03:49 Farm
03:50 Farm
04:05 Lumber Mill
04:47 Keep
05:21 Town Hall
05:48 Castle
05:55 Workshop
05:56 Workshop
05:58 Workshop
06:06 Workshop
06:39 Guard Tower
06:46 Farm
06:46 Farm
06:47 Farm
06:48 Farm
06:49 Farm
08:24 Castle
08:25 Castle
08:26 Castle
09:33 Gryphon Aviary
09:34 Gryphon Aviary
09:35 Gryphon Aviary
09:36 Gryphon Aviary
10:42 Gryphon Aviary
10:42 Gryphon Aviary
12:25 Town Hall
» items
| Scroll of Town Portal | 2 | |
| Scroll of Regeneration | 1 | |
| Lesser Clarity Potion | 2 | |
| Potion of Healing | 1 | |
6 total
Kashif (
blue | 52 APM | 914 actions | 17:43)
4 Dreadlord
2 Sleep
2 Vampiric Aura
2 Death Knight
1 Death Coil
1 Unholy Aura
» actions
| Assign group hotkey | 33 | |
| Build / train | 58 | |
| Enter build submenu | 19 | |
| Enter hero's abilities submenu | 6 | |
| Give item / drop item | 2 | |
| Remove unit from queue | 3 | |
| Right click | 419 | |
| Select / deselect | 166 | |
| Select group hotkey | 165 | |
| Use ability | 43 | |
914 total
» units
| Acolyte | 2 | |
| Ghoul | 7 | |
| Crypt Fiend | 12 | |
| Footman | 1 | |
| Rifleman | 5 | |
| Goblin Shredder | 1 | |
| Frost Wyrm | 3 | |
31 total
» upgrades
| Creature Attack | 3 | |
| Creature Carapace | 3 | |
| Armor | 1 | |
| Web | 1 | |
8 total
» buildings
| Altar of Darkness | 1 | |
| Crypt | 2 | |
| Ziggurat | 6 | |
| Graveyard | 1 | |
| Halls of the Dead | 2 | |
| Tomb of Relics | 1 | |
| Black Citadel | 1 | |
| Sacrificial Pit | 1 | |
| Boneyard | 1 | |
| Spirit Tower | 3 | |
19 total
» build order
00:07 Altar of Darkness
00:11 Crypt
00:16 Ziggurat
01:03 Ziggurat
01:23 Graveyard
02:53 Halls of the Dead
02:53 Halls of the Dead
03:39 Tomb of Relics
05:08 Ziggurat
05:49 Crypt
07:57 Black Citadel
08:46 Ziggurat
10:18 Sacrificial Pit
11:22 Boneyard
12:02 Ziggurat
12:07 Ziggurat
16:41 Spirit Tower
17:25 Spirit Tower
17:26 Spirit Tower
» items
| Orb of Fire | 1 | |
| Scroll of Town Portal | 1 | |
2 total

»
Kingdish (
red | 28 APM | 431 actions | 15:31)
4 Far Seer
2 Feral Spirit
2 Chain Lighting
» actions
| Basic commands | 11 | |
| Build / train | 42 | |
| Enter build submenu | 15 | |
| Enter hero's abilities submenu | 4 | |
| Right click | 138 | |
| Select / deselect | 178 | |
| Use ability | 43 | |
431 total
» units
| Peon | 13 | |
| Grunt | 6 | |
| Shaman | 3 | |
| Tauren | 1 | |
23 total
» upgrades
| Melee Weapons | 3 | |
| Armor | 3 | |
| Shaman Training | 2 | |
8 total
» buildings
| Orc Burrow | 7 | |
| Altar of Storms | 1 | |
| Barracks | 1 | |
| War Mill | 1 | |
| Stronghold | 1 | |
| Voodoo Lounge | 1 | |
| Fortress | 1 | |
| Spirit Lodge | 1 | |
| Tauren Totem | 2 | |
16 total
» build order
00:10 Orc Burrow
00:15 Altar of Storms
00:42 Barracks
01:38 Orc Burrow
01:44 War Mill
02:39 Orc Burrow
04:37 Orc Burrow
05:18 Stronghold
05:32 Voodoo Lounge
07:17 Orc Burrow
07:56 Fortress
08:05 Spirit Lodge
11:24 Tauren Totem
11:30 Tauren Totem
11:35 Orc Burrow
12:54 Orc Burrow
» items
| Potion of Healing | 2 | |
| Potion of Mana | 2 | |
4 total
Vortex_ (
yellow | 18 APM | 7 actions | 00:23)
team 2 (winner)

»
Shadow303 (
green | 63 APM | 1112 actions | 17:47)
4 Paladin
2 Holy Light
2 Divine Shield
» actions
| Assign group hotkey | 3 | |
| Basic commands | 30 | |
| Build / train | 49 | |
| ESC pressed | 4 | |
| Enter build submenu | 18 | |
| Enter hero's abilities submenu | 5 | |
| Give item / drop item | 4 | |
| Right click | 767 | |
| Select / deselect | 172 | |
| Select group hotkey | 8 | |
| Use ability | 52 | |
1112 total
» units
» upgrades
| Gunpowder | 3 | |
| Long Rifles | 1 | |
| Lumber Harvesting | 2 | |
| Armor | 2 | |
| Masonry | 3 | |
11 total
» buildings
| Farm | 7 | |
| Barracks | 3 | |
| Altar of Kings | 1 | |
| Blacksmith | 1 | |
| Lumber Mill | 1 | |
| Keep | 1 | |
| Town Hall | 1 | |
| Castle | 1 | |
| Arcane Vault | 1 | |
| Scout Tower | 9 | |
26 total
» build order
00:08 Farm
00:09 Farm
00:22 Barracks
00:25 Altar of Kings
02:41 Barracks
02:48 Blacksmith
03:03 Lumber Mill
03:27 Farm
04:25 Keep
07:47 Farm
07:48 Farm
10:21 Town Hall
10:43 Barracks
10:46 Farm
10:52 Farm
11:42 Castle
13:26 Arcane Vault
17:04 Scout Tower
17:07 Scout Tower
17:09 Scout Tower
17:10 Scout Tower
17:11 Scout Tower
17:26 Scout Tower
17:43 Scout Tower
17:44 Scout Tower
17:45 Scout Tower
» items
| Scroll of Healing | 1 | |
| Scroll of Town Portal | 3 | |
| Scroll of Regeneration | 1 | |
| Lesser Clarity Potion | 1 | |
6 total

»
K1NG_ (
purple | 29 APM | 510 actions | 17:46)
6 Demon Hunter
3 Immolation
2 Evasion
1 Metamorphosis
» actions
| Assign group hotkey | 3 | |
| Build / train | 51 | |
| Enter build submenu | 21 | |
| Enter hero's abilities submenu | 6 | |
| Give item / drop item | 2 | |
| Right click | 177 | |
| Select / deselect | 210 | |
| Use ability | 40 | |
510 total
» units
| Wisp | 18 | |
| Huntress | 7 | |
| Hippogryph | 6 | |
| Chimaera | 5 | |
36 total
» upgrades
| Ultravision | 1 | |
| Strength of the Moon | 1 | |
| Moon Armor | 1 | |
| Strength of the Wild | 1 | |
| Reinforced Hides | 1 | |
| Well Spring | 1 | |
6 total
» buildings
| Altar of Elders | 1 | |
| Moon Well | 8 | |
| Hunter's Hall | 1 | |
| Ancient of War | 2 | |
| Ancient of Wonders | 1 | |
| Tree of Ages | 1 | |
| Tree of Life | 1 | |
| Ancient Protector | 3 | |
| Tree of Eternity | 1 | |
| Ancient of Wind | 1 | |
| Chimaera Roost | 1 | |
21 total
» build order
00:12 Altar of Elders
00:15 Moon Well
01:33 Hunter's Hall
01:46 Moon Well
02:15 Ancient of War
02:31 Ancient of War
02:42 Moon Well
03:11 Ancient of Wonders
05:07 Moon Well
06:13 Moon Well
07:36 Tree of Ages
07:55 Moon Well
08:54 Tree of Life
09:45 Ancient Protector
09:58 Tree of Eternity
10:09 Ancient Protector
10:35 Ancient of Wind
13:25 Chimaera Roost
14:03 Moon Well
14:30 Ancient Protector
17:33 Moon Well

»
iLOVEmilk (
teal | 34 APM | 596 actions | 17:46)
6 Archmage
3 Summon Water Elemental
2 Brilliance Aura
1 Mass Teleport
» actions
| Basic commands | 36 | |
| Build / train | 63 | |
| Enter build submenu | 26 | |
| Enter hero's abilities submenu | 6 | |
| Right click | 196 | |
| Select / deselect | 229 | |
| Use ability | 40 | |
596 total
» units
| Peasant | 18 | |
| Footman | 5 | |
| Rifleman | 13 | |
| Priest | 9 | |
45 total
» upgrades
| Long Rifles | 1 | |
| Gunpowder | 3 | |
| Armor | 1 | |
5 total
» buildings
| Altar of Kings | 1 | |
| Farm | 10 | |
| Barracks | 2 | |
| Lumber Mill | 1 | |
| Keep | 1 | |
| Blacksmith | 1 | |
| Castle | 1 | |
| Scout Tower | 7 | |
| Arcane Vault | 1 | |
| Arcane Sanctum | 1 | |
| Town Hall | 1 | |
| Guard Tower | 4 | |
31 total
» build order
00:16 Altar of Kings
00:18 Farm
00:57 Farm
01:34 Farm
02:46 Barracks
02:51 Barracks
03:08 Lumber Mill
03:56 Keep
04:01 Farm
04:02 Farm
04:39 Farm
04:45 Farm
05:50 Farm
05:51 Farm
06:22 Blacksmith
07:57 Castle
08:15 Scout Tower
08:15 Scout Tower
08:24 Arcane Vault
08:46 Scout Tower
08:51 Arcane Sanctum
09:09 Scout Tower
09:13 Scout Tower
09:48 Town Hall
10:07 Scout Tower
10:10 Scout Tower
12:25 Guard Tower
12:27 Guard Tower
13:48 Guard Tower
16:26 Guard Tower
16:31 Farm

»
WhyRUsoBad (
orange | 87 APM | 1540 actions | 17:46)
6 Archmage
3 Blizzard
3 Brilliance Aura
3 Blood Mage
2 Flame Strike
1 Banish
» actions
| Assign group hotkey | 40 | |
| Basic commands | 106 | |
| Build / train | 104 | |
| Enter build submenu | 22 | |
| Enter hero's abilities submenu | 9 | |
| Give item / drop item | 2 | |
| Remove unit from queue | 1 | |
| Right click | 362 | |
| Select / deselect | 217 | |
| Select group hotkey | 592 | |
| Use ability | 85 | |
1540 total
» units
| Peasant | 22 | |
| Rifleman | 18 | |
| Priest | 2 | |
| Mortar Team | 6 | |
| Sorceress | 8 | |
56 total
» upgrades
| Gunpowder | 3 | |
| Armor | 3 | |
| Masonry | 1 | |
| Lumber Harvesting | 2 | |
| Long Rifles | 1 | |
| Flare | 1 | |
| Fragmentation Shards | 2 | |
| Sorceress Training | 2 | |
15 total
» buildings
| Altar of Kings | 1 | |
| Farm | 19 | |
| Blacksmith | 1 | |
| Barracks | 2 | |
| Scout Tower | 7 | |
| Arcane Tower | 1 | |
| Arcane Vault | 2 | |
| Town Hall | 2 | |
| Keep | 3 | |
| Lumber Mill | 1 | |
| Castle | 1 | |
| Arcane Sanctum | 1 | |
| Workshop | 1 | |
| Guard Tower | 5 | |
47 total
» build order
00:11 Altar of Kings
00:14 Farm
01:03 Blacksmith
01:30 Barracks
01:42 Farm
01:43 Farm
01:44 Farm
01:45 Farm
02:21 Scout Tower
02:51 Arcane Tower
03:08 Arcane Vault
03:11 Arcane Vault
04:12 Town Hall
04:28 Barracks
04:36 Farm
04:37 Farm
04:39 Farm
06:32 Keep
06:33 Keep
06:49 Lumber Mill
07:09 Farm
07:11 Farm
07:11 Farm
07:11 Farm
07:11 Farm
07:12 Farm
08:26 Scout Tower
08:27 Scout Tower
08:29 Scout Tower
08:29 Scout Tower
08:30 Scout Tower
08:30 Scout Tower
10:08 Castle
10:20 Arcane Sanctum
10:35 Workshop
11:07 Guard Tower
11:08 Guard Tower
11:09 Guard Tower
11:09 Guard Tower
11:29 Guard Tower
12:00 Farm
12:00 Farm
12:00 Farm
12:01 Farm
17:45 Town Hall
» items
| Scroll of Regeneration | 3 | |
| Potion of Healing | 2 | |
| Scroll of Town Portal | 1 | |
6 total
Chat log
(00:29 / Allies) WhyRUsoBad: i go rifs
(00:30 / Allies) Shadow303: because...
(00:35 / All) K1NG_: LMFAO
(00:43 / Allies) Shadow303: I had the wrong ideology
(00:45 / Allies) Shadow303: that's why
(01:05 / Allies) Shadow303: had to took off some unnecessary upgrade buying
(01:10 / Allies) Shadow303: for humans
(01:13 / Allies) Shadow303: for the most part...
(01:35 / Allies) Shadow303: anyway, orange
(01:39 / Allies) Shadow303: please don't backstab
(01:52 / Allies) Shadow303: really trying to win this
(01:54 / Allies) Shadow303: and besides
(01:57 / Allies) Shadow303: we same clan members
(02:08 / Allies) WhyRUsoBad: tech befoer 40 food and i bs
(02:28 / Allies) Shadow303: so you don't like techers because?
(02:29 / All) ANAL_LEAKAGE: IM FEEDIN
(02:34 / Allies) Shadow303: because they make you lose mostly?
(02:48 / Allies) WhyRUsoBad: well ya
(03:15 / Allies) Shadow303: please answer my question
(03:16 / Allies) Shadow303: wow
(03:19 / Allies) WhyRUsoBad: I DID
(03:20 / Allies) Shadow303: you okay?
(03:31 / Allies) Shadow303: no you have not
(03:38 / Allies) Shadow303: why did you backstabbed me
(03:43 / Allies) Shadow303: specifically?
(03:58 / Allies) Shadow303: sigh
(04:01 / Allies) Shadow303: so you did it
(04:05 / Allies) Shadow303: for a stupid reason
(04:07 / Allies) Shadow303: i get it
(04:44 / Allies) Shadow303: you answer me
(04:48 / Allies) Shadow303: when this is over
(04:49 / Allies) Shadow303: this match
(04:54 / Allies) WhyRUsoBad: 1.
(04:59 / Allies) WhyRUsoBad: i dont' knwo wtf you are talking about
(05:04 / Allies) WhyRUsoBad: 2. i am trying to win a game for you
(05:07 / Allies) WhyRUsoBad: 3
(05:09 / Allies) Shadow303: you backstabbed me the other game
(05:10 / Allies) WhyRUsoBad: i am going to backstab you again
(05:13 / Allies) WhyRUsoBad: you techign idiot
(05:26 / Allies) Shadow303: noo
(05:28 / Allies) Shadow303: wow
(05:31 / Allies) Shadow303: please stop
(05:35 / Allies) WhyRUsoBad: why are you teching
(05:39 / Allies) Shadow303: i aint
(05:42 / Allies) WhyRUsoBad: fuckign moron
(05:56 / Allies) Shadow303: maybe I should backstab myself
(06:01 / Allies) Shadow303: so you dont get the glory of it
(06:02 / Allies) WhyRUsoBad: you should
(06:05 / Allies) iLOVEmilk: jus stfu and play
(06:19 / Allies) Shadow303: he's a jerk
(06:23 / Allies) Shadow303: that's what he is
(06:26 / Allies) K1NG_: yeah for real
(06:32 / Allies) K1NG_: not a big deal just play
(06:33 / Allies) iLOVEmilk: creep
(06:37 / Allies) Shadow303: he never answer my question properly
(06:42 / Allies) iLOVEmilk: shut up
(06:46 / Allies) Shadow303: i don't care if I do get backstabbed
(06:50 / Allies) Shadow303: it's also his loss
(06:51 / Allies) K1NG_: lol
(06:55 / Allies) WhyRUsoBad: you don't know wtf you are talking about
(07:02 / Allies) WhyRUsoBad: if you listened you woudl learn something
(07:15 / Allies) Shadow303: i teched on the market square the other game
(07:18 / Allies) Shadow303: and I've won!
(07:25 / Allies) WhyRUsoBad: 1 game is nothing
(07:27 / Allies) Shadow303: it was professionally done
(07:33 / Allies) WhyRUsoBad: shush
(08:32 / Allies) Shadow303: tome yours
(08:35 / Allies) K1NG_: ty
(09:40 / Allies) iLOVEmilk: not creeped yet
(09:48 / Allies) Shadow303: know that
(11:47 / Allies) Shadow303: hit something
(11:50 / Allies) WhyRUsoBad: go fuckign be usefull
(11:56 / Allies) Shadow303: right...
(13:07 / All) WhyRUsoBad: guess what
(17:41 / All) Kashif: gg